 Dungeon Crawl Stone Soup version 0.21.1-1-g345015fe64 (webtiles) character file.

325 Naru the Archer (level 6, -2/51 HPs)
             Began as a Centaur Hunter on June 14, 2018.
             Slain by an orc
             ... wielding a +0 war axe
              (7 damage)
             ... on level 3 of the Dungeon.
             The game lasted 00:09:15 (3364 turns).

Naru the Archer (Centaur Hunter)                    Turns: 3364, Time: 00:09:16

Health: -2/51      AC:  5    Str: 15    XL:     6   Next: 24%
Magic:  6/6        EV:  9    Int: 10    God:
Gold:   95         SH:  0    Dex: 11    Spells: 5/5 levels left

rFire    . . .     SeeInvis .   u - -1 hunting sling
rCold    . . .     Gourm    +   (no shield)
rNeg     . . .     Faith    .   c - +0 leather armour
rPois    .         Spirit   .   d - +0 helmet
rElec    .         Reflect  .   (no cloak)
rCorr    .         Harm     .   (no gloves)
MR       .....                  (no barding)
Stlth    +.........             o - amulet of the gourmand
HPRegen  0.17/turn              (no ring)
MPRegen  0.10/turn              (no ring)

@: very quick
A: large, hooves 3, deformed body, speed 2, tough skin 3
a: no special abilities


You were on level 3 of the Dungeon.
You were not hungry.

You visited 1 branch of the dungeon, and saw 3 of its levels.

You collected 95 gold pieces.

Inventory:

Hand Weapons
 a - a +1 shortbow
 b - a +0 short sword
 u - a -1 hunting sling (weapon)
 v - a +2 dagger of freezing
Missiles
 i - 12 poisoned needles
 l - 4 sling bullets (quivered)
 s - an arrow
 w - 96 stones
 x - a throwing net
Armour
 c - a +0 leather armour (worn)
 d - a +0 helmet (worn)
 k - a +0 shield
Jewellery
 g - a cursed -2 ring of strength {unknown}
 o - an amulet of the gourmand (around neck)
Scrolls
 h - 3 scrolls of random uselessness {unknown}
 j - 2 scrolls of amnesia {unknown}
 m - 5 scrolls of identify {unknown}
 p - a scroll of enchant weapon {unknown}
 q - 3 scrolls of teleportation {unknown}
 y - a scroll of enchant armour {unknown}
Potions
 e - a potion of heal wounds
 n - a potion of brilliance {unknown}
 r - 2 potions of degeneration {unknown}
 t - a potion of mutation {unknown}
Comestibles
 f - 3 rations


   Skills:
 + Level 3.0 Fighting
 + Level 2.1 Slings
 * Level 8.7 Bows
 - Level 0.2 Armour
 + Level 1.8 Dodging
 - Level 0.4 Stealth


You had 5 spell levels left.
You didn't know any spells.

Dungeon Overview and Level Annotations

Branches:
Dungeon (3/15)

Altars:
Cheibriados
Hepliaklqana


Innate Abilities, Weirdness & Mutations

You have hooves in place of feet.
Armour fits poorly on your strangely shaped body.
You cover ground very quickly.
You have extremely tough skin. (AC +3)


Message History

The orc wizard closely misses you. The orc hits you with a war axe!
* * * LOW HITPOINT WARNING * * *
Firing (i - inventory. (,) - cycle):
l - 5 sling bullets (quivered)
Press: ? - help, Shift-Dir - straight line, f/p - orc wizard
Aim: an orc wizard, wielding a dagger and wearing a robe (almost dead, fast)
You shoot a sling bullet.
The sling bullet hits the orc wizard but does no damage.
The orc wizard is almost dead.
The orc wizard mumbles some strange words.
The orc wizard flickers and vanishes!
Deactivating autopickup; reactivate with Ctrl-A.
Something hits you but does no damage. The orc misses you. Something hits you.
* * * LOW HITPOINT WARNING * * *
You hear some strange, mumbled words.
A puff of flame appears from out of thin air!
The puff of flame hits you!
* * * LOW HITPOINT WARNING * * *
The orc hits you with a war axe!
You die...

#... #[. #.######...
##.##..# #.#........
......####.#####.... #
#.##................
#.##.###.#.##........).
#.#........##..........
####.#....#.#....######.##
#........@................
###......o........)......
#........{(.>(.(...(.....
#####.(..#.#.########.#.#
######.#.# #.#.# #.#.#
####.#.# #.#.# #...o...
#######.#.#####.##.#.#
..................)...


You could see an orc.

Vanquished Creatures
  Sigmund (D:2)
  Robin (D:2)
  6 gnolls
  An ooze (D:1)
  2 worms (D:2)
  3 dart slugs
  3 leopard geckos
  4 orcs
  3 giant cockroaches (D:1)
  20 goblins
  7 hobgoblins
  6 jackals (D:1)
  A ball python (D:1)
  3 bats
  3 frilled lizards
  10 kobolds
  10 rats
84 creatures vanquished.

Notes
Turn   | Place    | Note
-------+----------+-------------------------------------------
     0 | D:1      | Naru the Centaur Hunter began the quest for the Orb.
     0 | D:1      | Reached XP level 1. HP: 17/17 MP: 1/1
    80 | D:1      | Reached XP level 2. HP: 21/24 MP: 2/2
    84 | D:1      | Reached skill level 6 in Bows
   391 | D:1      | Reached XP level 3. HP: 29/29 MP: 3/3
   846 | D:2      | Reached skill level 7 in Bows
  1047 | D:1      | Reached XP level 4. HP: 16/37 MP: 4/4
  1486 | D:2      | Found a hazy altar of Hepliaklqana.
  2013 | D:2      | Noticed Robin
  2024 | D:2      | Killed Robin
  2266 | D:2      | Noticed Sigmund
  2270 | D:2      | Killed Sigmund
  2270 | D:2      | Reached skill level 1 in Slings
  2270 | D:2      | Reached skill level 8 in Bows
  2270 | D:2      | Reached XP level 5. HP: 35/44 MP: 5/5
  2270 | D:2      | Reached XP level 6. HP: 40/50 MP: 6/6
  3166 | D:3      | Found a snail-covered altar of Cheibriados.
  3364 | D:3      | Slain by an orc

Skill      XL: |  1  2  3  4  5  6 |
---------------+-------------------+-----
Bows           | 6 7 8 |  8.7
Slings         | 1 2 |  2.1
Fighting       | 3 |  3.0
Armour         | |  0.2
Dodging        | |  1.8
Stealth        | |  0.4

Action                   |  1- 3 |  4- 6 || total
-------------------------+-------+-------++-------
Melee: Short sword       |     7 |    31 ||    38
       Kick              |       |     6 ||     6
 Fire: Shortbow          |    88 |    54 ||   142
       Hunting sling     |       |   111 ||   111
  Use: Scroll            |       |     1 ||     1
       Potion            |       |     1 ||     1
  Eat: Ration            |       |     2 ||     2
Armor: Leather armour    |     9 |    28 ||    37
Dodge: Dodged            |    17 |    66 ||    83
